 Dungeon Sprint DCSS version 0.27.1-33-g824d729ab1 (webtiles) character file.

Game seed: 10629208578584497597

100 Descartes the Ducker (level 5, -1/42 HPs)
             Began as a Djinni Warper on Dec 27, 2021.
             Was an Initiate of Makhleb.
             Slain by a troll (6 damage)
             ... in the Dungeon (Sprint IX: "|||||||||||||||||||||||||||||").
             The game lasted 00:02:57 (439 turns).

Descartes the Ducker (Djinni Warper)                 Turns: 439, Time: 00:02:58

Health: -1/42      AC: 11    Str: 11    XL:     5   Next: 3%
Gold:   0          EV: 10    Int:  9    God:    Makhleb [......] SH:  0 Dex: 16

rFire    + + .     SeeInvis .   m - +2 scimitar of Linearity {flame, rElec rN+++ MP-9 Int-5}
rCold    x . .     Faith    .   (no shield)
rNeg     + + +     Spirit   .   q - +1 scale mail
rPois    ∞         Reflect  .   p - +0 helmet
rElec    +         Harm     .   (no cloak)
rCorr    .         Rampage  .   o - +0 pair of gloves
Will     .....     NoTele   +   (boots unavailable)
Stlth    ..........             (no amulet)
HPRegen  0.14/turn              r - +2 ring of protection
MPRegen  0.00/turn              s - +3 ring of dexterity

@: flying
A: sickness immunity, fire resistance 2, cold vulnerability 1, float, innate
caster, hp casting, extra vitality 1
a: Renounce Religion


You were in the Dungeon.
You worshipped Makhleb.
Makhleb was noncommittal.
You visited 1 branch

Inventory:

Hand Weapons
 l - a +2 vorpal dire flail
 m - the +2 scimitar of Linearity (weapon) {flame, rElec rN+++ MP-9 Int-5}
   (You found it in the Dungeon)

   It burns those it strikes, dealing additional fire damage.
   Big, fiery blades are also staple armaments of hydra-hunters.
   Int:       It affects your intelligence (-5).
   rElec:     It insulates you from electricity.
   rN:        It renders you almost immune to negative energy.
   MP:        It affects your magic capacity (-9).
 n - the +4 quarterstaff "Eplaugynk" {drain, Int+7}
   (You found it in the Dungeon)

   A truly terrible weapon, it drains the life of any living foe it strikes.
   Int:       It affects your intelligence (+7).
Missiles
 d - 5 boomerangs of dispersal (quivered)
Armour
 o - a +0 pair of gloves (worn)
 p - a +0 helmet (worn)
 q - a +1 scale mail (worn)
Jewellery
 r - a +2 ring of protection (left hand)
 s - a +3 ring of dexterity (right hand)
Wands
 k - a wand of acid (10)
Scrolls
 c - 3 scrolls of blinking
Potions
 e - 5 potions of curing
 f - 3 potions of heal wounds
 g - a potion of haste
 h - a potion of berserk rage
 j - a potion of invisibility


   Skills:
 + Level 4.8 Fighting
 + Level 0.0 Long Blades
 - Level 4.0 Maces & Flails
 - Level 0.7 Throwing
 - Level 1.0 Armour
 + Level 5.3 Dodging
 + Level 4.1 Spellcasting


You couldn't memorise any spells.
You knew the following spells:

 Your Spells              Type           Power      Damage    Failure   Level
a - Blink                 Tloc           N/A        N/A       41%         2
b - Lesser Beckoning      Tloc           4%         N/A       65%         3
c - Gell's Gravitas       Tloc           4%         N/A       65%         3
d - Teleport Other        Tloc           9%         N/A       65%         3
e - Manifold Assault      Tloc           9%         N/A       100%        5
f - Foxfire               Conj/Fire      36%        2x1d5     30%         1
g - Call Imp              Summ           9%         N/A       41%         2
Your spell library was empty.

Dungeon Overview and Level Annotations

Branches:
Dungeon (1/1)

Altars:
Cheibriados
Dithmenos
Elyvilon
Fedhas
Gozag
Hepliaklqana
Kikubaaqudgha
Makhleb
Nemelex Xobeh
Okawaru
Qazlal
Ru
Sif Muna
Trog
Uskayaw
Vehumet
Wu Jian
Xom
Yredelemnul
Zin
The Shining One
Beogh
Jiyva
Lugonu


Innate Abilities, Weirdness & Mutations

You are immune to sickness and miasma.
You are immune to poison.
Your flesh is very heat resistant. (rF++)
You are vulnerable to cold. (rC-)
You float through the air rather than walking.
You learn spells naturally, not from books.
Your magical power is your life essence.
You have superior vitality. (+4 HP)


Message History

The troll shouts!
The yak bellows!
The kobold brigand shouts!
The yak bellows! x2
The howler monkey hoots and howls with incredible vigour!
You slash the troll! You burn the troll.
The troll is moderately wounded.
The troll bites you but does no damage. The troll closely misses you.
The troll barely misses you.
You closely miss the troll.
The troll is moderately wounded.
The troll bites you but does no damage. The troll claws you.
The troll claws you but does no damage. The troll barely misses you.
The troll claws you. The troll claws you but does no damage.
You hit the troll. You burn the troll.
The troll is moderately wounded.
The troll bites you! The troll misses you. The troll barely misses you.
You slash the troll! You burn the troll.
The troll is severely wounded.
The troll closely misses you.
You riposte.
Your scale mail prevents you from hitting the troll.
The troll is heavily wounded.
The troll claws you but does no damage. The troll claws you!
You are too injured to fight recklessly!
You are too injured to fight recklessly!
You are too injured to fight recklessly!
You are too injured to fight recklessly!
You are too injured to fight recklessly!
You are too injured to fight recklessly!
You are too injured to fight recklessly!
You are too injured to fight recklessly!
You are too injured to fight recklessly!
You are too injured to fight recklessly!
You hit the troll. You burn the troll.
The troll is severely wounded.
The troll barely misses you. The troll claws you. x2
The troll bites you but does no damage. The troll claws you!
* * * LOW HITPOINT WARNING * * *
The troll closely misses you.
You hit the troll. You burn the troll.
The troll is severely wounded.
The troll completely misses you. The troll claws you.
You die...

▓!▓
▓?▓
▓)▓
▓.▓
▓.▓
▓.▓
▓.▓
▓.▓
▓@▓
▓T▓
▓Y▓
▓K▓
▓Y▓
▓Y▓
▓h▓
▓.▓


You could see 3 yaks, a troll, a kobold brigand and a howler monkey.

Vanquished Creatures
  A centaur (D)
  A gnoll (D)
  An adder zombie (D)
  An orc (D)
  A bat skeleton (D)
  2 endoplasms (D)
  A hobgoblin (D)
  A jackal (D)
  A kobold (D)
10 creatures vanquished.

Notes
Turn   | Place    | Note
-------+----------+-------------------------------------------
     0 | D        | Descartes the Djinni Warper began the quest for the Orb.
     0 | D        | Reached XP level 1. HP: 18/18 MP: 0/0
    16 | D        | Reached XP level 2. HP: 15/24 MP: 0/0
   134 | D        | Noticed a centaur
   137 | D        | Reached skill level 3 in Dodging
   144 | D        | Killed a centaur
   145 | D        | Reached skill level 5 in Dodging
   145 | D        | Reached XP level 3. HP: 10/31 MP: 0/0
   145 | D        | Learned a level 1 spell: Foxfire
   145 | D        | Reached XP level 4. HP: 12/38 MP: 0/0
   153 | D        | Reached XP level 5. HP: 15/42 MP: 0/0
   153 | D        | Learned a level 2 spell: Call Imp
   349 | D        | Found a snail-covered altar of Cheibriados.
   349 | D        | Found a shadowy altar of Dithmenos.
   349 | D        | Found a white marble altar of Elyvilon.
   349 | D        | Found a blossoming altar of Fedhas.
   349 | D        | Found an opulent altar of Gozag.
   350 | D        | Found a hazy altar of Hepliaklqana.
   351 | D        | Found a viscous altar of Jiyva.
   353 | D        | Found a corrupted altar of Lugonu.
   354 | D        | Found a burning altar of Makhleb.
   355 | D        | Found a sparkling altar of Nemelex Xobeh.
   356 | D        | Found an iron altar of Okawaru.
   357 | D        | Found a stormy altar of Qazlal.
   358 | D        | Found a sacrificial altar of Ru.
   360 | D        | Found a bloodstained altar of Trog.
   361 | D        | Found a hide-covered altar of Uskayaw.
   362 | D        | Became a worshipper of Makhleb the Destroyer
   364 | D        | Found an ornate altar of the Wu Jian Council.
   365 | D        | Found a shimmering altar of Xom.
   366 | D        | Found a basalt altar of Yredelemnul.
   367 | D        | Found a glowing silver altar of Zin.
   368 | D        | Found a glowing golden altar of the Shining One.
   388 | D        | Got the +2 scimitar of Linearity {flame, rElec rN+++ MP-9
                  | Int-5}
   393 | D        | Got the +4 quarterstaff "Eplaugynk" {drain, Int+7}
   433 | D        | Noticed a troll
   433 | D        | Noticed a yak
   433 | D        | Noticed a kobold brigand
   433 | D        | Noticed a yak
   433 | D        | Noticed a yak
   439 | D        | Slain by a troll

Illustrated notes

Levels and vault maps discovered:
D:        linesprint [early_d, line_temple, items_1, d_10, items_2, lair_1,
          lair_end, items_3, orc_1, orc_end, items_4, d_15, swamp_1, shoals_1,
          snake_1, spider_1, d_20, vaults_1, items_5, swamp_end, shoals_end,
          snake_end, spider_end, vaults_end, d_27, items_6, zot_1, zot_end,
          crypt_end, forest_end, elf_end, slime_end, tomb_end, abyss_end,
          pan_hell_end]

Skill      XL: |  1  2  3  4 |
---------------+-------------+-----
Maces & Flails | 2 3 4 |  4.0
Dodging        | 5 |  5.3
Fighting       | 4 |  4.8
Spellcasting   | 4 |  4.1
Throwing       | |  0.7
Armour         | |  1.0

Action                   |  1- 3 |  4- 6 || total
-------------------------+-------+-------++-------
Melee: Mace              |    21 |     8 ||    29
       Scimitar          |       |     6 ||     6
Armor: Leather armour    |     8 |     2 ||    10
       Scale mail        |       |     6 ||     6
Dodge: Dodged            |    20 |    20 ||    40
       Rpst.: Scimitar   |       |     1 ||     1
